 Dungeon Crawl Stone Soup version 0.31-a0-1576-ga3383bade6 (webtiles) character file.

Game seed: 14198856073025374890

2 MisterAzrael the Grave Robber (level 1, 0/10 HPs)
             Began as a Vampire Necromancer on Jan 5, 2024.
             Slain by a jackal (3 damage)
             ... on level 1 of the Dungeon.
             The game lasted 00:01:35 (240 turns).

MisterAzrael the Grave Robber (Vampire Necromancer)  Turns: 240, Time: 00:01:36

Health: 0/10       AC:  2    Str:  7    XL:     1   Next: 25%
Magic:  3/3        EV: 12    Int: 17    God:
Gold:   0          SH:  0    Dex: 14    Spells: 3/4 levels left

rFire   . . .        c - +0 short sword
rCold   + + .        (no shield)
rNeg    + + +        a - +0 robe
rPois   ∞            (no helmet)
rElec   .            (no cloak)
rCorr   .            (no gloves)
SInv    +            (no boots)
Will    .....        (no amulet)
Stlth   ++++         (no ring)
HPRegen 0.00/turn    (no ring)
MPRegen 0.08/turn

%: no passive effects
@: bloodless, inhibited regen
A: bloodless, fangs 3, see invisible, vampiric 1
a: Revivify


You were on level 1 of the Dungeon.
You visited 1 branch of the dungeon, and saw 1 of its levels.

Inventory:

Hand Weapons
 c - a +0 short sword (weapon)
Armour
 a - a +0 robe (worn)
Potions
 b - 2 potions of magic


   Skills:
 - Level 2.1 Dodging
 * Level 3.2 Stealth
 + Level 2.0 Spellcasting
 + Level 4.4 Necromancy


You had 3 spell levels left.
You knew the following spells:

 Your Spells              Type           Power      Damage    Failure   Level
a - Necrotise             Necr           64%        1d7       3%          1

Your spell library contained the following spells:

 Spells                   Type           Power      Damage    Failure   Level
 Vampiric Draining        Necr           16%        2d7       10%         3
 Animate Dead             Necr           16%        N/A       30%         4
 Curse of Agony           Necr           16%        N/A       65%         5


Dungeon Overview and Level Annotations

Branches:
Dungeon (1/15)

Altars:


Innate Abilities, Weirdness & Mutations

You do not regenerate when monsters are visible.
You are frail without blood (-20% HP).
You can heal yourself when you bite living creatures.
You are immune to poison.
You have razor-sharp teeth.
You have supernaturally acute eyesight. (SInv)
You are afflicted with vampirism.


Message History

HP restored.
You become bloodless.
A rat comes into view.
A kobold and a jackal come into view.
A jackal comes into view.
The kobold throws a stone.
The stone barely misses you.
You hit the kobold.
The kobold is moderately wounded.
The kobold closely misses you.
You hit the kobold.
You kill the kobold!
No target in view!
No target in view!
Things that are here:
a +0 short sword; 3 stones A ball python and a jackal come into view.
Found a scroll labelled TAMUSE HUITU.
The jackal barks! x2; The ball python hisses angrily.
The rat misses you.
The jackal barks!
You hit the rat.
You kill the rat!
You hit the jackal. Your bite misses the jackal.
The jackal is severely wounded.
You hit the jackal.
The jackal is almost dead.
The jackal bites you but does no damage.
The jackal bites you. x2
You hit the jackal but do no damage. Your bite misses the jackal.
The jackal is almost dead.
The jackal barely misses you. The jackal closely misses you. x2
You closely miss the jackal. Your bite misses the jackal.
The jackal is almost dead.
The jackal barely misses you. The jackal closely misses you.
The jackal bites you.
You hit the jackal but do no damage.
The jackal is almost dead.
The jackal bites you. The jackal completely misses you. The jackal bites you.
* * * LOW HITPOINT WARNING * * *
The jackal bites you.
You die...

#..# #. #..# #####
#.# ###..## #...###
#.# ?.#...# #.8.##.
#.##.#.#.## #...##.
#.#.#.#..# #...##.
#..#.##.# #.≈.##.
#.h#.##.## #.≈..'.
#Sh@.##..### #.≈.##.
##h..##....###.≈.##.
##...).##..##...##.
#########......###
########


You could see 3 jackals and a ball python.

Vanquished Creatures
  A kobold (D:1)
  A rat (D:1)
2 creatures vanquished.

Notes
Turn   | Place    | Note
-------+----------+-------------------------------------------
     0 | D:1      | MisterAzrael the Vampire Necromancer began the quest for
                  | the Orb.
     0 | D:1      | Reached XP level 1. HP: 13/13 MP: 3/3
   240 | D:1      | Slain by a jackal

Illustrated notes

Levels and vault maps discovered:
D:1:      dpeg_arrival_rooms_c, layout_rooms, corexii_hall_statues_i,
          dreamdust_wishing_well, minmay_cut_off

Action                     || total
---------------------------++-------
  Melee: Short sword       ||     8
Ability: Exsanguinate      ||     1
 Armour: Robe              ||     7
  Dodge: Dodged            ||     9

Table legend: (Time is in decaauts)
 A = Elapsed time spent in this place.
 B = Non-inter-level travel time spent in this place.
 C = Inter-level travel time spent in this place.
 D = Time resting spent in this place.
 E = Time spent auto-exploring this place.
 F = Levels seen in this place.
 G = Mean time per level.
                   A        B        C        D        E       F      G
               +--------+--------+--------+--------+--------+-----+--------+
         Total |    239 |    239 |      0 |      0 |     33 |   1 |  239.0 |
       Dungeon |    239 |    239 |      0 |      0 |     33 |   1 |  239.0 |
               +--------+--------+--------+--------+--------+-----+--------+

Top non-repeatable levels by time:
     D:1: 239 daAuts
